 Dungeon Crawl Stone Soup version 0.21.0-24-g2553a33 (webtiles) character file.

3144 Monsterracer the Slicer (level 9, 0/59 HPs)
             Began as a Tengu Arcane Marksman on Jan 21, 2018.
             Was an Initiate of Gozag.
             Slain by a porcupine (3 damage)
             ... on level 7 of the Dungeon.
             The game lasted 00:10:58 (9040 turns).

Monsterracer the Slicer (Tengu Arcane Marksman)     Turns: 9040, Time: 00:10:59

Health: 0/59       AC:  8    Str: 14    XL:     9   Next: 93%
Magic:  11/11      EV: 15    Int: 13    God:    Gozag
Gold:   929        SH:  0    Dex: 15    Spells: 9/10 levels left

rFire    . . .     SeeInvis .   b - +5 short sword (speed)
rCold    . . .     Gourm    .   (no shield)
rNeg     . . .     Faith    .   l - +0 ring mail
rPois    .         Spirit   .   (helmet restricted)
rElec    .         Reflect  .   e - +1 cloak
rCorr    .         Harm     .   q - +0 pair of gloves
MR       .....                  (boots unavailable)
Stlth    +.........             (no amulet)
HPRegen  0.19/turn              (no ring)
MPRegen  0.12/turn              (no ring)

@: no status effects
A: beak, talons 3, able to fly 1
a: Fly, Potion Petition, Call Merchant, Bribe Branch, Renounce Religion


You were on level 7 of the Dungeon.
You worshipped Gozag.
Gozag was pleased with you.
You were not hungry.

You visited 2 branches of the dungeon, and saw 9 of its levels.

You collected 984 gold pieces.
You paid 55 gold pieces to Gozag.

Inventory:

Hand Weapons
 b - a +5 short sword of speed (weapon)
Armour
 e - a +1 cloak (worn)
 l - a +0 ring mail (worn)
 q - a +0 pair of gloves (worn)
Jewellery
 d - an uncursed ring of ice
Wands
 t - a wand of enslavement (12)
 v - a wand of iceblast (10)
Scrolls
 a - 3 scrolls of remove curse
 g - 6 scrolls of identify
 i - 4 scrolls of magic mapping {!r}
 k - 2 scrolls of blinking
 m - 3 scrolls of fog
 o - 4 scrolls of teleportation
Potions
 h - a potion of heal wounds
 j - 4 potions of curing
 n - 2 potions of ambrosia {!q}
 p - a potion of flight
 r - a potion of invisibility
 s - a potion of resistance
 u - a potion of lignification
 w - 2 potions of mutation {!q}
Books
 f - a book of Debilitation

   Spells                             Type                      Level
   a - Corona                         Hexes                        1
   b - Slow                           Hexes                        2
   c - Inner Flame                    Hexes/Fire                   3
   d - Portal Projectile              Hexes/Translocation          3
   e - Cause Fear                     Hexes                        4
   f - Leda's Liquefaction            Hexes/Earth                  4
Comestibles
 c - 5 rations


   Skills:
 + Level 7.9 Fighting
 * Level 9.3 Short Blades
   Level 2.1 Bows
 + Level 7.9 Dodging
 - Level 1.0 Spellcasting
 - Level 2.1 Hexes


You had 9 spell levels left.
You knew the following spells:

 Your Spells              Type           Power        Failure   Level  Hunger
a - Corona                Hex            #......      24%         1    ##.....


Dungeon Overview and Level Annotations

Branches:
Dungeon (8/15)             Temple (1/1) D:4
   Lair: D:8-11

Altars:
Fedhas
Gozag
Hepliaklqana
Nemelex Xobeh
Trog
Wu Jian
Xom
Zin

Shops:
D:2 *

Annotations:
D:8 Musashi's ghost, novice MiBe


Innate Abilities, Weirdness & Mutations

You have a beak for a mouth.
You have claws for feet.
You can fly.


Message History

There is a stone staircase leading up, spattered with blood here.
The phantom is distracted by your gold.
The phantom is no longer distracted by gold.
The phantom is distracted by your gold.
The phantom is no longer distracted by gold.
You miss the phantom. Your kick misses the phantom.
The phantom barely misses you.
You barely miss the phantom. Your kick misses the phantom.
You peck the phantom.
The phantom is lightly damaged.
You miss the phantom. Your kick misses the phantom.
The phantom is lightly damaged.
The phantom barely misses you.
You closely miss the phantom.
The phantom is lightly damaged.
You barely miss the phantom. You peck the phantom, but do no damage.
The phantom is lightly damaged.
The phantom blinks!
You see here an embroidered robe.
You barely miss the phantom. You claw the phantom.
The phantom is lightly damaged.
The phantom blinks!
Found 9 gold pieces.
You hit the phantom. Your kick misses the phantom.
Your peck misses the phantom.
The phantom is moderately damaged.
The phantom misses you.
You hit the phantom. You claw the phantom, but do no damage.
Your peck misses the phantom.
The phantom is moderately damaged.
You closely miss the phantom.
The phantom is moderately damaged.
You hit the phantom. Your kick misses the phantom. You peck the phantom.
The phantom is heavily damaged.
The phantom hits you!
* * * LOW HITPOINT WARNING * * *
You take 8 damage, and have 16/59 hp.
You closely miss the phantom. You claw the phantom.
The phantom is heavily damaged.
You hit the phantom.
The phantom is severely damaged.
The phantom misses you.
You barely miss the phantom. You claw the phantom, but do no damage.
Your peck misses the phantom.
The phantom is severely damaged.
You puncture the phantom!
The phantom is almost destroyed.
The phantom hits you but does no damage.
You completely miss the phantom. Your kick misses the phantom.
The phantom is almost destroyed.
You hit the phantom. Your kick misses the phantom.
You peck the phantom, but do no damage.
The phantom is almost destroyed.
The phantom hits you.
* * * LOW HITPOINT WARNING * * *
The phantom blinks!
You take 1 damage, and have 16/59 hp.
The phantom blinks!
A scorpion comes into view.
There are monsters nearby!
You hit the scorpion. You claw the scorpion.
The scorpion is moderately wounded.
The phantom blinks!
You puncture the scorpion!
The scorpion is severely wounded.
You puncture the scorpion!
You kill the scorpion!
Found 22 arrows.
You see here 7 gold pieces.
You now have 929 gold pieces (gained 7).
The phantom is distracted by the nearby gold.
The phantom is no longer distracted by gold.
The phantom blinks!
Found 28 bolts.
Musashi's ghost (novice Minotaur Berserker) comes into view.
Musashi's ghost turns its malevolent gaze towards you.
A worker ant comes into view.
You see here 26 arrows.
The phantom blinks!
The phantom blinks!
A porcupine comes into view.
Musashi's ghost hits you.
* * * LOW HITPOINT WARNING * * *
You take 4 damage, and have 16/59 hp.
The phantom blinks!
There is a stone staircase leading up, spattered with blood here.
Musashi's ghost hits you.
* * * LOW HITPOINT WARNING * * *
The porcupine bites you!
* * * LOW HITPOINT WARNING * * *
You climb upwards.
There is a stone staircase leading down here.
Unknown command.
You take 14 damage, and have 2/59 hp.
MASSIVE DAMAGE!!
Unknown command.
Okay, then.
Okay, then.
The porcupine bites you.
You die...
Your body crumbles into a pile of gold.

............##..........#
........................#
..)....###..............#
........................#
........####..........<##
#.......# ##.##>......##
#......####..###.#.####
#...........## #r#.#
..###..###### #@#.# ###
#.......####.### #
##.##........### #
#.###..#......# # #.#
#..######.### #.#
##..........# #.#
##.########.# #.###..#
#.# #.##..## ###


You could see a porcupine.

Vanquished Creatures
  The ghost of komo4ek the Slasher, an amateur HOSk (D:3)
  Prince Ribbit (D:5)
  Sigmund (D:2)
  A hungry ghost (D:8)
  An orc warrior (D:5)
  An ice beast (D:5)
  3 sky beasts
  A phantom (D:5)
  The ghost of Pawles22 the Skirmisher, an amateur DsFi (D:6)
  2 centaurs (D:7)
  2 ogres
  3 bullfrogs
  2 scorpions
  An electric eel (D:6)
  3 howler monkeys
  A centaur zombie (D:6)
  A crimson imp (D:5)
  A hound (D:7)
  A quasit (D:6)
  2 orc priests
  3 jellies
  3 orc wizards
  Jessica (D:3)
  Ijyb (D:5)
  2 iguanas
  Natasha (thrice) (D:4)
  6 worker ants
  2 hound skeletons
  Robin (D:2)
  A howler monkey skeleton (D:6)
  11 adders
  8 gnolls
  A shadow imp (D:7)
  6 worms
  2 dart slugs (D:2)
  4 leopard geckos
  14 orcs
  5 bats
  4 giant cockroaches
  11 hobgoblins
  6 jackals
  4 quokkas
  2 ball pythons
  6 frilled lizards
  14 goblins
  A jackal skeleton (D:4)
  2 jackal zombies (D:5)
  3 kobolds
  9 rats
  A bush (D:1)
167 creatures vanquished.

Notes
Turn   | Place    | Note
-------+----------+-------------------------------------------
     0 | D:1      | Monsterracer the Tengu Arcane Marksman began the quest for the Orb.
     0 | D:1      | Reached XP level 1. HP: 12/12 MP: 3/3
   484 | D:1      | HP: 6/12 [kobold/dagger (2)]
   485 | D:1      | Reached XP level 2. HP: 9/17 MP: 4/4
  1256 | D:2      | Reached XP level 3. HP: 22/22 MP: 5/5
  1380 | D:2      | HP: 11/22 [goblin/dagger[Robin] (4)]
  1382 | D:2      | Noticed Robin
  1393 | D:2      | HP: 4/22 [goblin/club[Robin] (8)]
  1405 | D:2      | HP: 2/22 [goblin/club[Robin] (2)]
  1410 | D:2      | HP: 10/22 [goblin/club[Robin] (3)]
  1428 | D:2      | Killed Robin
  1428 | D:2      | Reached XP level 4. HP: 21/28 MP: 6/6
  1552 | D:2      | Found Zin's Purification Station.
  1554 | D:2      | Found a glowing silver altar of Zin.
  1642 | D:2      | HP: 14/28 [adder (2)]
  1648 | D:2      | HP: 10/28 [poisoned by an adder]
  1654 | D:2      | HP: 8/28 [poisoned by an adder]
  1662 | D:2      | HP: 7/28 [poisoned by an adder]
  1795 | D:2      | HP: 14/28 [adder (4)]
  1801 | D:2      | HP: 9/28 [poisoned by an adder]
  1807 | D:2      | HP: 6/28 [poisoned by an adder]
  2286 | D:2      | Found a shimmering altar of Xom.
  2430 | D:2      | Gained mutation: You can fly. [Tengu growth]
  2430 | D:2      | Reached XP level 5. HP: 29/33 MP: 7/7
  2499 | D:2      | Noticed Sigmund
  2515 | D:2      | HP: 15/33 [something (4)]
  2517 | D:2      | Killed Sigmund
  2517 | D:2      | Reached XP level 6. HP: 18/40 MP: 8/8
  2784 | D:2      | Reached skill level 5 in Fighting
  2926 | D:3      | Noticed komo4ek's ghost (amateur HOSk)
  3163 | D:3      | HP: 19/40 [komo4ek's ghost (6)]
  3172 | D:3      | HP: 17/40 [komo4ek's ghost (2)]
  3537 | D:3      | Noticed Jessica
  3539 | D:3      | Killed Jessica
  3608 | D:3      | Reached skill level 1 in Short Blades
  3909 | D:3      | Killed komo4ek's ghost
  3909 | D:3      | Reached skill level 3 in Short Blades
  3909 | D:3      | Reached XP level 7. HP: 38/44 MP: 9/9
  4326 | D:4      | Reached skill level 5 in Dodging
  4337 | D:4      | Noticed Natasha
  4345 | D:4      | Killed Natasha
  4355 | D:4      | Found a staircase to the Ecumenical Temple.
  4375 | Temple   | Entered the Ecumenical Temple
  4395 | Temple   | Became a worshipper of Gozag Ym Sagoz the Greedy
  4533 | D:4      | Noticed Natasha
  4541 | D:4      | Killed Natasha
  4548 | D:4      | Reached skill level 4 in Short Blades
  4701 | D:4      | Noticed Natasha
  4704 | D:4      | Killed Natasha
  5116 | D:4      | Reached XP level 8. HP: 49/51 MP: 10/10
  5761 | D:5      | Entered Level 5 of the Dungeon
  5818 | D:5      | Reached skill level 5 in Short Blades
  6074 | D:5      | Noticed Prince Ribbit
  6088 | D:5      | Killed Prince Ribbit
  6088 | D:5      | Reached skill level 6 in Short Blades
  6230 | D:5      | Noticed Ijyb
  6249 | D:5      | Killed Ijyb
  6532 | D:6      | Noticed Pawles22's ghost (amateur DsFi)
  6655 | D:5      | Reached skill level 7 in Short Blades
  6655 | D:5      | Reached XP level 9. HP: 33/56 MP: 11/11
  6948 | D:6      | HP: 27/57 [Pawles22's ghost (7)]
  6950 | D:6      | Killed Pawles22's ghost
  7225 | D:6      | HP: 25/57 [acid (5)]
  7229 | D:6      | Found a hazy altar of Hepliaklqana.
  7231 | D:6      | HP: 24/57 [poisoned by a gnoll]
  7596 | D:5      | HP: 9/57 [orc warrior/dire flail (23)]
  7603 | D:5      | Reached skill level 8 in Short Blades
  8153 | D:6      | Found a blossoming altar of Fedhas.
  8156 | D:6      | Found a bloodstained altar of Trog.
  8159 | D:6      | Found a sparkling altar of Nemelex Xobeh.
  8353 | D:7      | HP: 27/57 [sky beast (5)]
  8358 | D:7      | HP: 18/57 [sky beast (1)]
  8894 | D:7      | Reached skill level 9 in Short Blades
  8971 | D:8      | HP: 20/59 [ogre/giant spiked club (15)]
  9001 | D:8      | HP: 16/59 [phantom (8)]
  9007 | D:8      | HP: 16/59 [phantom (1)]
  9023 | D:8      | Noticed Musashi's ghost (novice MiBe)
  9034 | D:8      | HP: 16/59 [Musashi's ghost (5)]
  9036 | D:8      | HP: 2/59 [porcupine (8)]
  9040 | D:7      | Slain by a porcupine

Skill      XL: |  1  2  3  4  5  6  7  8  9 |
---------------+----------------------------+-----
Fighting       | 2 3 4 5 6 7 |  7.9
Dodging        | 3 4 5 6 7 |  7.9
Short Blades   | 3 4 7 9 |  9.3
Bows           | |  2.1
Spellcasting   | |  1.0
Hexes          | |  2.1

Action                   |  1- 3 |  4- 6 |  7- 9 || total
-------------------------+-------+-------+-------++-------
Melee: Unarmed           |   171 |    55 |       ||   226
       Kick              |    74 |    34 |   133 ||   241
       Peck              |    54 |    26 |    67 ||   147
       Shortbow          |     1 |       |       ||     1
       Short sword       |       |    95 |   434 ||   529
 Fire: Shortbow          |    63 |    38 |       ||   101
Invok: Potion Petition   |       |       |     1 ||     1
 Abil: Fly               |       |       |     1 ||     1
  Use: Potion            |     1 |     5 |       ||     6
       Scroll            |       |       |    17 ||    17
  Eat: Chunk             |     1 |     9 |     1 ||    11
       Ration            |       |       |     5 ||     5
Armor: Ring mail         |    23 |    65 |    78 ||   166
Dodge: Dodged            |    35 |   107 |   190 ||   332

Vault maps used:
D:1:      tarquinn_simple_flora_water_f, serial_forest,
          infiniplex_forest_lined_3, infiniplex_forest_end_2,
          infiniplex_forest_clump_tiny, infiniplex_forest_fountain,
          infiniplex_forest_clump_curved, infiniplex_forest_clump_C,
          infiniplex_forest_lined_2, hangedman_decor_growths,
          minmay_heptomino_w4
D:2:      zin_purify, tgw_xom, first_ration, uniq_sigmund, uniq_robin
D:3:      minmay_tree_intersection, uniq_jessica
D:4:      temple_doors_e, minmay_surrounded, uniq_natasha
D:5:      uniq_ijyb, uniq_prince_ribbit1
D:6:      grunt_temple_overflow_open, lightli_minifort
D:8:      grunt_lair_entry_orc_guard_hut, uniq_gastronok
Temple:   regret_index_temple_generic_petals
